 Dungeon Crawl Stone Soup version 0.19.5 (webtiles) character file.

53 MMS21 the Slasher (level 4, -2/37 HPs)
             Began as a Human Berserker on May 1, 2017.
             Was a Believer of Trog.
             Slain by a gnoll
             ... wielding a +0 flail
              (7 damage)
             ... on level 3 of the Dungeon on May 3, 2017.
             The game lasted 00:18:20 (2243 turns).

MMS21 the Slasher (Human Berserker)                 Turns: 2243, Time: 00:18:21

Health: -2/37      AC:  2    Str: 18    XL:     4   Next: 11%
Magic:  4/4        EV: 12    Int:  5    God:    Trog [**....]
Gold:   156        SH:  0    Dex: 13    Spells: 0 memorised, 3 levels left

rFire  . . .     SeeInvis .     a - +0 falchion
rCold  . . .     Gourm    .     b - +0 animal skin
rNeg   . . .     Faith    .     (no shield)
rPois  .         Spirit   .     (no helmet)
rElec  .         Reflect  .     (no cloak)
rCorr  .         Harm     .     (no gloves)
MR     .....                    (no boots)
Stlth  +.........               (no amulet)
                                (no ring)
                                j - -2 ring of intelligence (curse)

@: no status effects
A: no striking features
a: Berserk, Trog's Hand, Burn Spellbooks, Renounce Religion


You were on level 3 of the Dungeon.
You worshipped Trog.
Trog was pleased with you.
You were not hungry.

You visited 1 branch of the dungeon, and saw 3 of its levels.

You collected 156 gold pieces.

Inventory:

Hand Weapons
 a - a +0 falchion (weapon)
Missiles
 g - 118 stones (quivered)
 l - 57 arrows
Armour
 b - a +0 animal skin (worn)
 d - a +0 chain mail
Jewellery
 j - a cursed -2 ring of intelligence (left hand)
Scrolls
 i - 2 scrolls of identify {unknown}
 k - a scroll of teleportation {unknown}
 m - 2 scrolls of amnesia {unknown}
 n - a scroll of fog {unknown}
Potions
 c - 2 potions of heal wounds {unknown}
 e - a potion of resistance {unknown}
Comestibles
 f - 3 fruits
 h - a slice of pizza


   Skills:
 + Level 3.7 Fighting
 + Level 3.8 Long Blades
 + Level 2.2 Armour
 + Level 2.2 Dodging


You had 3 spell levels left.
You didn't know any spells.

Dungeon Overview and Level Annotations

Branches:
Dungeon (3/15)

Altars:
Fedhas
The Shining One


Message History

The gnoll moves out of view.
Found an escape hatch in the ceiling.
Found a stone staircase leading down.
A gnoll comes into view. It is wielding a spear.
The gnoll barely misses you. The gnoll barely misses you.
The gnoll barely misses you. The gnoll hits you with a flail!
The gnoll hits you with a spear.
The gnoll hits you from afar with a spear.
Found a ring mail.
The gnoll hits you with a spear!
* * * LOW HITPOINT WARNING * * *
The gnoll barely misses you. The gnoll closely misses you.
The gnoll completely misses you.
You riposte.
You hit the gnoll but do no damage. The gnoll barely misses you.
The gnoll misses you. The gnoll completely misses you.
You riposte.
You closely miss the gnoll.
The gnoll hits you from afar with a spear.
* * * LOW HITPOINT WARNING * * *
The gnoll hits you with a flail!
You die...

##+#+#####..#..####
#.......#..###.....
####.........## ##..##
.(.........## ##..#
####.#.#.#..##.....##..
#......#...##.......##.
#..[.#...### ..._... ##
.#...gg.gr..# .......##.
.......@#.>..##.....+#..
##.###.##..<..##...##...
# ... .......##.##....
..#.. #.##.#..# #....<
## #.. ... .#...#......
#.# #.. .# #.#.####. ..
#. .. #. #.


You could see 3 gnolls and a rat.

Vanquished Creatures
  2 worms (D:2)
  2 dart slugs
  3 leopard geckos
  A giant cockroach (D:1)
  4 goblins
  7 hobgoblins
  2 ball pythons
  7 bats
  3 frilled lizards (D:1)
  5 kobolds
  6 rats
42 creatures vanquished.

Notes
Turn   | Place    | Note
-------+----------+-------------------------------------------
     0 | D:1      | MMS21 the Human Berserker began the quest for the Orb.
     0 | D:1      | Reached XP level 1. HP: 18/18 MP: 1/1
   102 | D:1      | Reached XP level 2. HP: 6/24 MP: 2/2
   539 | D:1      | Reached XP level 3. HP: 17/29 MP: 3/3
   738 | D:1      | Reached ** piety under Trog
  1663 | D:2      | Found a blossoming altar of Fedhas.
  1762 | D:2      | Reached XP level 4. HP: 13/37 MP: 4/4
  2229 | D:3      | Found a glowing golden altar of the Shining One.
  2243 | D:3      | Slain by a gnoll

Action                   |  1- 3 |  4- 6 || total
-------------------------+-------+-------++-------
Melee: Falchion          |   158 |    10 ||   168
Throw: Stone             |     3 |       ||     3
  Use: Scroll            |     1 |       ||     1
  Eat: Bread ration      |     1 |       ||     1
Armor: Animal skin       |    30 |     1 ||    31
Dodge: Dodged            |    79 |    13 ||    92
       Rpst.: Falchion   |    26 |     3 ||    29
